 Dungeon Crawl Stone Soup version 0.30.0-10-gfe55d96785 (webtiles) character file.

Game seed: 14214690241540521158

20 RKaid the Digger (level 2, 0/24 HPs)
             Began as a Draconian Wanderer on May 15, 2023.
             Slain by a hobgoblin (2 damage)
             ... on level 1 of the Dungeon on May 16, 2023.
             The game lasted 00:02:33 (715 turns).

RKaid the Digger (Draconian Wanderer)                Turns: 715, Time: 00:02:34

Health: 0/24       AC:  5    Str: 15    XL:     2   Next: 58%
Magic:  3/3        EV: 11    Int: 14    God:
Gold:   30         SH:  0    Dex:  7    Spells: 3/3 levels left

rFire   . . .        a - +0 dagger
rCold   . . .        (no shield)
rNeg    . . .        (body armour unavailable)
rPois   .            (helmet restricted)
rElec   .            (no cloak)
rCorr   .            (no gloves)
SInv    .            j - +0 pair of boots
Will    .....        (no amulet)
Stlth   +            (no ring)
HPRegen 0.24/turn    (no ring)
MPRegen 0.08/turn

%: no passive effects
@: no status effects
A: AC +4, unfitting armour, cold-blooded
a: no special abilities


You were on level 1 of the Dungeon.
You visited 1 branch of the dungeon, and saw 1 of its levels.

You collected 30 gold pieces.

Inventory:

Hand Weapons
 a - a +0 dagger (weapon)
Missiles
 b - 13 poisoned darts
Armour
 j - a +0 pair of boots (worn)
   (You found it on level 1 of the Dungeon)
Jewellery
 h - an amulet of faith
   (You found it on level 1 of the Dungeon)
Scrolls
 c - a scroll of fog
 e - a scroll of teleportation {unknown}
 i - a scroll of identify {unknown}
Potions
 d - a potion of attraction {unknown}
 f - 2 potions of heal wounds {unknown}
 g - a potion of might {unknown}
 k - 2 potions of curing {unknown}
 l - 2 potions of magic {unknown}


   Skills:
 + Level 1.7 Fighting
 - Level 1.7 Throwing
 + Level 1.3 Dodging
 - Level 1.0 Spellcasting
 - Level 3.0 Transmutations
 - Level 4.0 Earth Magic


You had 3 spell levels left.
You didn't know any spells.
Your spell library contained the following spells:

 Spells                   Type           Power      Damage    Failure   Level
 Sandblast                Erth           22%        2d7       4%          1
 Beastly Appendage        Tmut           18%        N/A       8%          1
 Passwall                 Tmut/Erth      8%         N/A       10%         2
 Spider Form              Tmut/Pois      4%         N/A       38%         3
 Leda's Liquefaction      Hex/Erth       3%         N/A       75%         4


Dungeon Overview and Level Annotations

Branches:
Dungeon (1/15)

Altars:


Innate Abilities, Weirdness & Mutations

Your plain brown scales are hard. (AC +4)
You cannot fit into any form of body armour.
You are cold-blooded and may be slowed by cold attacks.


Message History

No target in view!
No target in view!
No target in view!
No target in view!
No target in view!
No target in view!
k - 2 fuming amethyst potions
l - 2 fuming brown potions An endoplasm comes into view.
A hobgoblin comes into view.
The hobgoblin shouts!
You hit the hobgoblin but do no damage.
Your tail-slap misses the hobgoblin.
The hobgoblin closely misses you.
You hit the hobgoblin but do no damage. You tail-slap the hobgoblin.
The hobgoblin barely misses you.
You barely miss the hobgoblin.
The hobgoblin hits you but does no damage.
You hit the hobgoblin.
Your tail-slap misses the hobgoblin.
The endoplasm barely misses you. The hobgoblin misses you.
You completely miss the hobgoblin.
Your tail-slap misses the hobgoblin.
The hobgoblin barely misses you.
The endoplasm hits you but does no damage.
You hit the hobgoblin but do no damage. The endoplasm freezes you.
You are frozen.
You feel yourself slow down. The hobgoblin closely misses you.
You barely miss the hobgoblin.
You feel yourself speed up.
The endoplasm hits you but does no damage.
The hobgoblin hits you but does no damage. x2
The endoplasm freezes you.
You are frozen.
You feel yourself slow down.
You closely miss the hobgoblin. The endoplasm freezes you.
You are frozen.
The hobgoblin hits you.
You hit the hobgoblin.
Your tail-slap misses the hobgoblin.
You feel yourself speed up. The endoplasm freezes you.
You are frozen.
The hobgoblin hits you but does no damage. x2
The endoplasm freezes you.
You are frozen.
You are too injured to fight recklessly!
You are too injured to fight recklessly!
You are too injured to fight recklessly!
You are too injured to fight recklessly!
You are too injured to fight recklessly!
You are too injured to fight recklessly!
You are too injured to fight recklessly!
You are too injured to fight recklessly!
You are too injured to fight recklessly!
You are too injured to fight recklessly!
You are too injured to fight recklessly!
You are too injured to fight recklessly!
You are too injured to fight recklessly!
You are too injured to fight recklessly!
You are too injured to fight recklessly!
You are too injured to fight recklessly!
You are too injured to fight recklessly!
You are too injured to fight recklessly!
You are too injured to fight recklessly!
You are too injured to fight recklessly!
You are too injured to fight recklessly!
You are too injured to fight recklessly!
The endoplasm freezes you.
You are frozen.
You feel yourself slow down. The hobgoblin attacks as you move away!
The hobgoblin barely misses you. The endoplasm attacks as you move away!
The endoplasm barely misses you. x2
You hit the endoplasm.
The endoplasm hits you but does no damage.
You hit the endoplasm. You tail-slap the endoplasm.
You feel yourself speed up. The endoplasm hits you. The endoplasm freezes you.
You are frozen.
* * * LOW HITPOINT WARNING * * *
You feel yourself slow down.
You hit the endoplasm but do no damage.
Your tail-slap misses the endoplasm.
The endoplasm hits you but does no damage.
You hit the endoplasm. The endoplasm freezes you.
You are frozen.
* * * LOW HITPOINT WARNING * * *
You feel as though you will be slow longer.
The endoplasm closely misses you.
You barely miss the endoplasm. The endoplasm freezes you.
You are frozen.
* * * LOW HITPOINT WARNING * * *
You hit the endoplasm.
You kill the endoplasm!
The hobgoblin hits you but does no damage.
You hit the hobgoblin but do no damage.
You tail-slap the hobgoblin, but do no damage.
The hobgoblin barely misses you.
You hit the hobgoblin.
You feel yourself speed up. The hobgoblin hits you.
* * * LOW HITPOINT WARNING * * *
The hobgoblin hits you.
You die...

#..# ...# ####..##
#. ...... .. ..#..#
# #. #.#..# #.#.
#.#..#######
###.#.###.#........#
......>.g@..#####.##
##.#...#......##.#
#...######.##.#
#.....#.......#.##.#
#.... #..###.##.##.#
#... #..# #.##.# #..
#..# #.##.# #. #..#
#.# # #+##..######.#


You could see a hobgoblin.

Vanquished Creatures
  8 endoplasms (D:1)
  2 quokkas (D:1)
  A ball python (D:1)
  3 bats (D:1)
  A goblin (D:1)
  3 rats (D:1)
18 creatures vanquished.

Notes
Turn   | Place    | Note
-------+----------+-------------------------------------------
     0 | D:1      | RKaid the Draconian Wanderer began the quest for the Orb.
     0 | D:1      | RKaid set off with the following items: a +0 dagger, 13
                  | poisoned darts, a scroll of fog; and the following spells
                  | available to memorise: Sandblast, Beastly Appendage,
                  | Passwall, Spider Form, Leda's Liquefaction.
     0 | D:1      | Reached XP level 1. HP: 14/14 MP: 2/2
    33 | D:1      | HP: 3/14 [frozen (5)]
   120 | D:1      | Found a faded altar of an unknown god.
   243 | D:1      | HP: 3/15 [frozen (4)]
   253 | D:1      | Reached skill level 1 in Fighting
   336 | D:1      | Reached XP level 2. HP: 21/23 MP: 3/3
   344 | D:1      | Reached skill level 1 in Dodging
   709 | D:1      | HP: 4/24 [frozen (5)]
   715 | D:1      | HP: 2/24 [hobgoblin (2)]
   715 | D:1      | Slain by a hobgoblin

Illustrated notes

Levels and vault maps discovered:
D:1:      dpeg_arrival_radiant, layout_basic,
          ebering_ecumenical_altar_petrified, due_unseen_surprise

Skill      XL: |  1  2 |
---------------+-------+-----
Fighting       | 1 |  1.7
Dodging        | 1 |  1.3
Throwing       | |  1.7
Spellcasting   | |  1.0
Transmutations | |  3.0
Earth Magic    | |  4.0

Action                     || total
---------------------------++-------
  Melee: Dagger            ||   109
         Tailslap          ||    18
 Armour: Skin              ||    45
  Dodge: Dodged            ||    74

Table legend: (Time is in decaauts)
 A = Elapsed time spent in this place.
 B = Non-inter-level travel time spent in this place.
 C = Inter-level travel time spent in this place.
 D = Time resting spent in this place.
 E = Time spent auto-exploring this place.
 F = Levels seen in this place.
 G = Mean time per level.
                   A        B        C        D        E       F      G
               +--------+--------+--------+--------+--------+-----+--------+
         Total |    732 |    732 |      0 |    147 |    348 |   1 |  732.0 |
       Dungeon |    732 |    732 |      0 |    147 |    348 |   1 |  732.0 |
               +--------+--------+--------+--------+--------+-----+--------+

Top non-repeatable levels by time:
     D:1: 732 daAuts

Table legend:
 A = Kills in this place as a percentage of kills in the entire game.
 B = Kills by you in this place as a percentage of kills by you in the entire game.
 C = Kills by friends in this place as a percentage of kills by friends in the entire game.
 D = Other kills in this place as a percentage of other kills in the entire game.
 E = Experience gained in this place as a percentage of experience gained in the entire game.
 F = Experience gained in this place divided by the number of levels of this place that you have seen.
                   A       B       C       D       E      F
               +-------+-------+-------+-------+-------+----------------------
         Total | 100.0 | 100.0 |   N/A |   N/A | 100.0 |  29.0
       Dungeon | 100.0 | 100.0 |   N/A |   N/A | 100.0 |  29.0
               +-------+-------+-------+-------+-------+----------------------
